 Dungeon Sprint DCSS version 0.27-a0-978-g2aa4ecdaef (webtiles) character file.

Game seed: 12605229312278629520

1547 mhtbhm the Earth Mage (level 8, -12/44 HPs)
             Began as a Gargoyle Earth Elementalist on Apr 14, 2021.
             Was a Follower of Vehumet.
             Mangled by a slime creature (17 damage)
             ... in the Dungeon (Sprint I: "Red Sonja").
             The game lasted 00:04:25 (1463 turns).

mhtbhm the Earth Mage (Gargoyle Earth Elementalist) Turns: 1463, Time: 00:04:26

Health: -12/44     AC:  7    Str: 12    XL:     8   Next: 87%
Magic:  7/22       EV: 12    Int: 18    God:    Vehumet [*.....]
Gold:   1144       SH:  0    Dex: 10    Spells: 13/28 levels left

rFire    . . .     SeeInvis .   a - +0 club
rCold    + . .     Faith    .   (no shield)
rNeg     + . .     Spirit   .   c - +0 robe
rPois    ∞         Reflect  .   (no helmet)
rElec    +         Harm     .   (no cloak)
rCorr    .         Rampage  .   (no gloves)
Will     .....     NoTele   +   (no boots)
Stlth    ++........             (no amulet)
HPRegen  0.14/turn              k - ring of protection from cold
MPRegen  0.18/turn              (no ring)

@: hasted, very quick
A: AC +5, negative energy resistance 1, electricity resistance, torment
resistance 1, unbreathing 1, petrification resistance
a: Renounce Religion


You were in the Dungeon.
You worshipped Vehumet.
Vehumet was aware of your devotion.
You visited 1 branch You collected 1664 gold pieces.
You spent 520 gold pieces at shops.

Inventory:

Hand Weapons
 a - a +0 club (weapon)
Missiles
 b - 44 stones
 d - 6 curare-tipped darts (quivered)
 l - 6 boomerangs
Armour
 c - a +0 robe (worn)
Jewellery
 k - a ring of protection from cold (left hand)
Wands
 e - a wand of polymorph (10)
 h - a wand of flame (8)
Scrolls
 i - a scroll of blinking
Potions
 g - 2 potions of magic
 j - 3 potions of curing


   Skills:
 + Level 2.0 Fighting
 + Level 0.3 Throwing
 + Level 3.8 Dodging
 + Level 4.6 Stealth
 - Level 2.1 Unarmed Combat
 + Level 10.9 Spellcasting
 + Level 2.4 Transmutations
 + Level 15.0 Earth Magic
 + Level 3.2 Evocations


You had 13 spell levels left.
You knew the following spells:

 Your Spells              Type           Power      Damage    Failure   Level
a - Sandblast             Erth           100%       2d20      0%          1
b - Passwall              Tmut/Erth      34%        N/A       1%          2
c - Stone Arrow           Conj/Erth      72%        3d11      1%          3
d - Lee's Rapid Deconstr  Erth           29%        3d16*     1%          5
e - Petrify               Tmut/Erth      41%        N/A       1%          4

Your spell library contained the following spells:

 Spells                   Type           Power      Damage    Failure   Level
 Foxfire                  Conj/Fire      36%        2x1d5     8%          1
 Summon Small Mammal      Summ           36%        N/A       8%          1
 Call Imp                 Summ           9%         N/A       11%         2
 Call Canine Familiar     Summ           9%         N/A       22%         3
 Summon Guardian Golem    Hex/Summ       9%         N/A       22%         3
 Summon Ice Beast         Ice/Summ       9%         N/A       58%         4
 Summon Lightning Spire   Summ/Air       9%         N/A       58%         4


Dungeon Overview and Level Annotations

Branches:
Dungeon (1/1)

Altars:
Cheibriados
Dithmenos
Elyvilon
Fedhas
Gozag
Hepliaklqana
Kikubaaqudgha
Makhleb
Nemelex Xobeh
Okawaru
Qazlal
Ru
Sif Muna
Trog
Uskayaw
Vehumet
Wu Jian
Xom
Yredelemnul
Zin
The Shining One
Jiyva
Lugonu

Shops:
D *?[


Innate Abilities, Weirdness & Mutations

Your stone body is resilient. (AC +5)
You are immune to poison.
You resist negative energy. (rN+)
You are resistant to electric shocks. (rElec)
You are resistant to unholy torment.
You can survive without breathing.
You are immune to petrification.


Message History

The slime creature is severely wounded.
The helpless slime creature fails to defend itself.
You hit the slime creature.
The slime creature is severely wounded.
The helpless slime creature fails to defend itself.
You hit the slime creature.
The slime creature is severely wounded.
The slime creature is no longer petrified.
The slime creature hits you! x2
You barely miss the slime creature.
The slime creature is heavily wounded.
The slime creature hits you.
You barely miss the slime creature.
The slime creature is heavily wounded.
The slime creature closely misses you.
You hit the slime creature.
The slime creature is severely wounded.
The slime creature misses you.
The slime creature hits you but does no damage.
You hit the slime creature.
The slime creature is heavily wounded.
The slime creature hits you!
* * * LOW HITPOINT WARNING * * *
You hit the slime creature but do no damage.
The slime creature is heavily wounded.
The slime creature misses you.
You hit the slime creature.
The slime creature is severely wounded.
The slime creature hits you!
* * * LOW HITPOINT WARNING * * *
You hit the slime creature.
The slime creature is severely wounded.
The slime creature completely misses you.
The slime creature closely misses you.
Unknown command.
Things that are here:
a +0 scythe; a +0 robe You see here a +0 giant club.
You feel yourself speed up. The slime creature hits you!
You die...

################ ##
#<.#..+..#.)'..#__#
#..[..#..'@J#..'^.+
#..#####'#####'#__#
#..####..#...#)# ##
#..#__####..##.#
#..#_____##'#_.+
#⌠⌠#_.∩...'..._#
####_..__##_.#'##+###
#..#_____###'#.#...)###
############.####'###)##


You could see a slime creature.

Vanquished Creatures
  Sonja (D)
  A deep troll (D)
  Sigmund (D)
  A yak (D)
  An ogre (D)
  A jelly (D)
  Ijyb (D)
7 creatures vanquished.

Vanquished Creatures (others)
  2 ballistomycete spores (D)
2 creatures vanquished.

Grand Total: 9 creatures vanquished

Notes
Turn   | Place    | Note
-------+----------+-------------------------------------------
     0 | D        | mhtbhm the Gargoyle Earth Elementalist began the quest for
                  | the Orb.
     0 | D        | Reached XP level 1. HP: 10/10 MP: 3/3
     2 | D        | Noticed Ijyb
    20 | D        | Killed Ijyb
    21 | D        | Reached skill level 6 in Earth Magic
    21 | D        | Reached XP level 2. HP: 2/15 MP: 1/6
    21 | D        | Reached XP level 3. HP: 3/19 MP: 1/7
   301 | D        | Learned a level 2 spell: Passwall
   305 | D        | Learned a level 3 spell: Stone Arrow
   457 | D        | Found a glowing golden altar of the Shining One.
   457 | D        | Found an iron altar of Okawaru.
   457 | D        | Found a bloodstained altar of Trog.
   457 | D        | Found a blossoming altar of Fedhas.
   457 | D        | Found a stormy altar of Qazlal.
   457 | D        | Found an ancient bone altar of Kikubaaqudgha.
   457 | D        | Found a white marble altar of Elyvilon.
   457 | D        | Found a glowing silver altar of Zin.
   457 | D        | Found Seddyefo's Magic Scroll Emporium.
   457 | D        | Found a basalt altar of Yredelemnul.
   457 | D        | Found a hide-covered altar of Uskayaw.
   457 | D        | Found a hazy altar of Hepliaklqana.
   457 | D        | Found a shadowy altar of Dithmenos.
   457 | D        | Found a sacrificial altar of Ru.
   457 | D        | Found a snail-covered altar of Cheibriados.
   457 | D        | Found an opulent altar of Gozag.
   457 | D        | Found a sparkling altar of Nemelex Xobeh.
   457 | D        | Noticed a yak
   471 | D        | Killed a yak
   472 | D        | Reached skill level 5 in Spellcasting
   472 | D        | Reached skill level 1 in Transmutations
   472 | D        | Reached skill level 9 in Earth Magic
   472 | D        | Reached skill level 1 in Evocations
   472 | D        | Reached XP level 4. HP: 15/24 MP: 0/11
   472 | D        | Reached XP level 5. HP: 17/28 MP: 0/12
   595 | D        | Learned a level 5 spell: Lee's Rapid Deconstruction
   596 | D        | Found a shimmering blue altar of Sif Muna.
   596 | D        | Found a radiant altar of Vehumet.
   596 | D        | Found an ornate altar of the Wu Jian Council.
   598 | D        | Reached skill level 10 in Earth Magic
   645 | D        | Became a worshipper of Vehumet
   718 | D        | Noticed Sigmund
   721 | D        | Killed Sigmund
   722 | D        | Reached skill level 1 in Fighting
   722 | D        | Reached skill level 11 in Earth Magic
   722 | D        | Reached XP level 6. HP: 34/34 MP: 2/16
   825 | D        | Reached XP level 7. HP: 6/39 MP: 6/18
  1084 | D        | Learned a level 4 spell: Petrify
  1102 | D        | Noticed Sonja
  1116 | D        | Killed Sonja
  1116 | D        | Reached * piety under Vehumet
  1116 | D        | Offered knowledge of Foxfire by Vehumet.
  1117 | D        | Reached skill level 13 in Earth Magic
  1117 | D        | Reached XP level 8. HP: 35/44 MP: 0/21
  1262 | D        | Found Plog's General Store.
  1364 | D        | Bought a scroll of acquirement for 520 gold pieces
  1364 | D        | Acquired 838 gold pieces
  1379 | D        | Noticed a deep troll
  1382 | D        | Killed a deep troll
  1383 | D        | Reached skill level 10 in Spellcasting
  1383 | D        | Reached skill level 15 in Earth Magic
  1394 | D        | Found Uklakh's Armour Emporium.
  1438 | D        | Found a burning altar of Makhleb.
  1438 | D        | Found a viscous altar of Jiyva.
  1438 | D        | Found a shimmering altar of Xom.
  1438 | D        | Found a corrupted altar of Lugonu.
  1438 | D        | Noticed a slime creature
  1463 | D        | Mangled by a slime creature

Illustrated notes

Levels and vault maps discovered:
D:        dungeon_sprint_1 [red_sonja_temple_1, red_sonja_temple_small_1]

Skill      XL: |  1  2  3  4  5  6  7  8 |
---------------+-------------------------+-----
Dodging        | 2 3 |  3.8
Stealth        | 3 4 |  4.6
Spellcasting   | 3 5 7 9 10 | 10.9
Earth Magic    | 6 9 11 13 15 | 15.0
Unarmed Combat | 2 |  2.1
Transmutations | 1 2 |  2.4
Evocations     | 1 2 3 |  3.2
Fighting       | 1 2 |  2.0
Throwing       | |  0.3

Action                   |  1- 3 |  4- 6 |  7- 9 || total
-------------------------+-------+-------+-------++-------
Melee: Unarmed           |    14 |       |       ||    14
       Club              |       |       |    12 ||    12
Throw: Dart              |       |       |     1 ||     1
 Cast: Sandblast         |     9 |     1 |     1 ||    11
       Passwall          |     3 |       |       ||     3
       Lee's Rapid Decon |       |     5 |     8 ||    13
       Petrify           |       |       |     2 ||     2
Evoke: Wand              |     4 |       |     1 ||     5
  Use: Potion            |     3 |       |     1 ||     4
       Scroll            |       |       |     1 ||     1
 Stab: Petrified         |       |       |     5 ||     5
Armor: Robe              |     3 |       |     4 ||     7
Dodge: Dodged            |     8 |     2 |     6 ||    16

Table legend: (Time is in decaauts)
 A = Elapsed time spent in this place.
 B = Non-inter-level travel time spent in this place.
 C = Inter-level travel time spent in this place.
 D = Time resting spent in this place.
 E = Time spent auto-exploring this place.
 F = Levels seen in this place.
 G = Mean time per level.
                   A        B        C        D        E       F      G
               +--------+--------+--------+--------+--------+-----+--------+
         Total |   1470 |   1470 |      0 |   1025 |      0 |   1 | 1470.0 |
       Dungeon |   1470 |   1470 |      0 |   1025 |      0 |   1 | 1470.0 |
               +--------+--------+--------+--------+--------+-----+--------+

Top non-repeatable levels by time:
       D: 1470 daAuts
